AoeStats
← Izumi Yuki

Arabia

518440887Analyzed
1v1 RM · 7d ago on Nov 3, 2026· 36m 34s· 2 players
Game mode
Random Map
Map size
Tiny (2 player)
Population
200
Speed
Normal
Resources
Standard
Victory
Conquest
Starting age
Dark Age
Ending age
Imperial Age
RankedLock teamsTeams togetherTeam positionsShared explorationLock speedFull tech treeHidden civsTurbo modeCheats
Victory
Defeat
🇨🇳 Poles · China
1994
+11
vs
🇨🇳 Mongols · China
1882
-11
Izumi Yuki
5:41 Loom
8:18 Feudal Age
9:11 Double-Bit Axe
15:40 Town Watch
18:54 Castle Age
17:04 Fletching
19:59 Crossbowman
21:06 Bodkin Arrow
26:55 Padded Archer Armor
30:11 Husbandry
32:50 Ballistics
37:29 Wheelbarrow
W4 Vipor
7:28 Loom
10:17 Feudal Age
10:47 Horse Collar
10:52 Double-Bit Axe
15:51 Wheelbarrow
17:14 Bloodlines
19:12 Scale Barding Armor
19:22 Fletching
19:52 Forging
24:50 Castle Age
23:10 Fletching
23:16 Stone Mining
24:55 Light Cavalry
25:38 Husbandry
25:44 Heavy Plow
25:55 Bow Saw
26:30 Chain Barding Armor
27:39 Iron Casting
28:21 Bodkin Arrow
30:08 Herbal Medicine
32:48 Szlachta Privileges
33:36 Gold Mining
34:16 Hand Cart
33:47 Town Watch
Connection lost

Rejoining the realm…

Still unreachable

The connection could not be restored.

Session expired

The server has moved on; the page needs a fresh start.